SL
GRAFTON MIDDIES @ OAKLAND OAKS
05/05/2023
 
TOP OF THE 1ST
Grafton Middies batting - Pitching for Oakland Oaks : RHP José García
Pitching: RHP José García
Batting: RHB Pedro Orozco 0-0: Foul Ball, location: 2F
0-1: Foul Ball, location: 2F
0-2: Ground out 6-3 (Groundball, 6)
Batting: RHB Pedro Santos 0-0: Swinging Strike
0-1: Called Strike
0-2: Foul Ball, location: 2F
0-2: Ball
1-2: Ball
2-2: Fly out, F8 (Flyball, 8LXD)
Batting: RHB Scotty Anderson 0-0: Fly out, F5 (Popup, 5SF)
Top of the 1st over - 0 run(s), 0 hit(s), 0 error(s), 0 left on base; Grafton 0 - Oakland 0
BOTTOM OF THE 1ST
Oakland Oaks batting - Pitching for Grafton Middies : RHP Robbie Baxter
Pitching: RHP Robbie Baxter
Batting: LHB Johnny Hernández 0-0: Swinging Strike
0-1: Ball
1-1: Foul Ball, location: 2F
1-2: SINGLE (Groundball, 25) (infield hit)
Batting: LHB Todd Henry 0-0: Ball
1-0: Ball
2-0: Called Strike
2-1: Foul Ball, location: 2F
2-2: SINGLE (Groundball, 4MD)
Johnny Hernández to second
Runner from 2nd tries for 3rd, SAFE, throw made to third
Batting: RHB Rafael Durango 0-0: SINGLE (Groundball, 6D)
Johnny Hernández scores
Todd Henry to second
Batting: LHB Edwin Church 0-0: Ball
1-0: Ball
2-0: SINGLE (Line Drive, 8RS)
Todd Henry to third
Rafael Durango to second
Batting: LHB Jesús Quintanilla 0-0: Called Strike
0-1: Ball
1-1: Fly out, F7 (Flyball, 78XD)
Runner from 3rd tags up, SCORES, no throw
Rafael Durango to third
Batting: LHB Todd Williams 0-0: Ball
1-0: Ball
2-0: Foul Ball, location: 2F
2-1: Foul Ball, location: 2F
2-2: Foul Ball, location: 2F
2-2: Foul Ball, location: 2F
2-2: Foul Ball, location: 2F
2-2: Ball
3-2: Fly out, F1 (Line Drive, 13)
Batting: RHB Dave Henderson 0-0: Foul Ball, location: 2F
0-1: Ball
1-1: Fly out, F8 (Line Drive, 8LS)
Bottom of the 1st over - 2 run(s), 4 hit(s), 0 error(s), 2 left on base; Grafton 0 - Oakland 2
TOP OF THE 2ND
Grafton Middies batting - Pitching for Oakland Oaks : RHP José García
Batting: LHB Mario Ramos 0-0: Called Strike
0-1: Ball
1-1: Ball
2-1: Fly out, F7 (Flyball, 7D)
Batting: RHB Wes Bradley 0-0: Called Strike
0-1: Foul Ball, location: 2F
0-2: Foul Ball, location: 2F
0-2: Ball
1-2: Ball
2-2: Foul Ball, location: 2F
2-2: Strikes out swinging
Batting: RHB Nathan Boswell 0-0: Ball
1-0: Foul Ball, location: 2F
1-1: Foul Ball, location: 2F
1-2: Strikes out swinging
Top of the 2nd over - 0 run(s), 0 hit(s), 0 error(s), 0 left on base; Grafton 0 - Oakland 2
BOTTOM OF THE 2ND
Oakland Oaks batting - Pitching for Grafton Middies : RHP Robbie Baxter
Batting: RHB Gabriel Maldonado 0-0: Ball
1-0: Ball
2-0: Called Strike
2-1: SOLO HOME RUN (Line Drive, 78XD), Distance : 431 ft
Batting: LHB Ron Frazier 0-0: Called Strike
0-1: Foul Ball, location: 2F
0-2: SINGLE (Groundball, 34D)
Batting: LHB Johnny Hernández 0-0: Foul Ball, location: 2F
0-1: Ball
1-1: Foul Ball, location: 2F
1-2: Ball
2-2: Foul Ball, location: 2F
2-2: Ball
3-2: Fly out, F8 (Flyball, 8RD)
Batting: LHB Todd Henry 0-0: Called Strike
0-1: Ground out 4-3 (Groundball, 4M)
Ron Frazier to second
Batting: RHB Rafael Durango 0-0: Swinging Strike
0-1: Ball
1-1: Called Strike
1-2: Foul Ball, location: 2F
1-2: Strikes out looking
Bottom of the 2nd over - 1 run(s), 2 hit(s), 0 error(s), 1 left on base; Grafton 0 - Oakland 3
TOP OF THE 3RD
Grafton Middies batting - Pitching for Oakland Oaks : RHP José García
Batting: RHB José Álvarez 0-0: Foul Ball, location: 2F
0-1: Foul Ball, location: 2F
0-2: Ball
1-2: Strikes out looking
Batting: RHB Danny Hall 0-0: Ball
1-0: Called Strike
1-1: Foul Ball, location: 2F
1-2: Ball
2-2: Ball
3-2: Strikes out swinging
Batting: LHB Ramón Rivera 0-0: Ball
1-0: Ball
2-0: Called Strike
2-1: Ball
3-1: Called Strike
3-2: Strikes out swinging
Top of the 3rd over - 0 run(s), 0 hit(s), 0 error(s), 0 left on base; Grafton 0 - Oakland 3
BOTTOM OF THE 3RD
Oakland Oaks batting - Pitching for Grafton Middies : RHP Robbie Baxter
Batting: LHB Edwin Church 0-0: SOLO HOME RUN (Line Drive, 89XD), Distance : 428 ft
Batting: LHB Jesús Quintanilla 0-0: Ball
1-0: Ball
2-0: SINGLE (Line Drive, 5D)
Batting: LHB Todd Williams 0-0: Ball
1-0: SINGLE (Groundball, 34D) (infield hit)
Jesús Quintanilla to second
Batting: RHB Dave Henderson 0-0: Ball
1-0: Foul Ball, location: 2F
1-1: Grounds into double play, 6-4-3 (Groundball, 6)
Jesús Quintanilla to third
Batting: RHB Gabriel Maldonado 0-0: Ball
1-0: Foul Ball, location: 2F
1-1: Foul Ball, location: 2F
1-2: Ball
2-2: Foul Ball, location: 2F
2-2: Fly out, F7 (Flyball, 78D)
Bottom of the 3rd over - 1 run(s), 3 hit(s), 0 error(s), 1 left on base; Grafton 0 - Oakland 4
TOP OF THE 4TH
Grafton Middies batting - Pitching for Oakland Oaks : RHP José García
Batting: RHB Pedro Orozco 0-0: Swinging Strike
0-1: Called Strike
0-2: Strikes out swinging
Batting: RHB Pedro Santos 0-0: Ground out 4-3 (Groundball, 4M)
Batting: RHB Scotty Anderson 0-0: Foul Ball, location: 2F
0-1: Ball
1-1: Ground out 5-3 (Groundball, 56)
Top of the 4th over - 0 run(s), 0 hit(s), 0 error(s), 0 left on base; Grafton 0 - Oakland 4
BOTTOM OF THE 4TH
Oakland Oaks batting - Pitching for Grafton Middies : RHP Robbie Baxter
Batting: LHB Ron Frazier 0-0: Ball
1-0: SINGLE (Flyball, 8LS)
Batting: LHB Johnny Hernández 0-0: Foul Ball, location: 2F
0-1: Ball
1-1: Foul Ball, location: 2F
1-2: Ball
2-2: Foul Ball, location: 2F
2-2: Foul Ball, location: 2F
2-2: Ball
3-2: Fly out, F8 (Flyball, 8RS)
3-2: Fly out, F8 (Flyball, 8RS)
Batting: LHB Todd Henry 0-0: Ball
1-0: Ball
2-0: Ball
3-0: Called Strike
3-1: Base on Balls
Ron Frazier to second
Batting: RHB Rafael Durango 0-0: Fielders Choice at 2nd, 6-4 (Groundball, 6)
Ron Frazier to third
Batting: LHB Edwin Church 0-0: Reached on Error, E8 (Flyball, 8LD)
Ron Frazier scores
Rafael Durango to third
Batting: LHB Jesús Quintanilla 0-0: Ball
1-0: Ground out 4-3 (Groundball, 4M)
Bottom of the 4th over - 1 run(s), 1 hit(s), 1 error(s), 2 left on base; Grafton 0 - Oakland 5
TOP OF THE 5TH
Grafton Middies batting - Pitching for Oakland Oaks : RHP José García
Batting: LHB Mario Ramos 0-0: Called Strike
0-1: Ball
1-1: Swinging Strike
1-2: Ground out 6-3 (Groundball, 6)
Batting: RHB Wes Bradley 0-0: Ball
1-0: Ground out 6-3 (Groundball, 6M)
Batting: RHB Nathan Boswell 0-0: Ball
1-0: Ball
2-0: Ball
3-0: Base on Balls
Batting: RHB José Álvarez 0-0: Ball
Nathan Boswell steals 2nd base
1-0: Ball
Wild Pitch!
Nathan Boswell to third
2-0: Swinging Strike
2-1: Called Strike
2-2: Ball
3-2: Ground out 5-3 (Groundball, 5)
Top of the 5th over - 0 run(s), 0 hit(s), 0 error(s), 1 left on base; Grafton 0 - Oakland 5
BOTTOM OF THE 5TH
Oakland Oaks batting - Pitching for Grafton Middies : RHP Robbie Baxter
Batting: LHB Todd Williams 0-0: Called Strike
0-1: Swinging Strike
0-2: Ball
1-2: Ball
2-2: Foul Ball, location: 2F
2-2: Ground out 1-3 (Groundball, 13)
Batting: RHB Dave Henderson 0-0: Called Strike
0-1: Fly out, F8 (Flyball, 8LS)
Batting: RHB Gabriel Maldonado 0-0: Ball
1-0: Called Strike
1-1: Ball
2-1: Ball
3-1: Base on Balls
Batting: LHB Ron Frazier 0-0: Ball
1-0: Ball
2-0: Ball
3-0: Base on Balls
Gabriel Maldonado to second
Batting: LHB Johnny Hernández 0-0: Ball
1-0: Ball
2-0: Ball
3-0: Base on Balls
Gabriel Maldonado to third
Ron Frazier to second
Batting: LHB Todd Henry 0-0: Ball
1-0: Ball
2-0: Ball
3-0: Base on Balls
Gabriel Maldonado scores
Ron Frazier to third
Johnny Hernández to second
Pitching: RHP Domingo Álvarez
Batting: RHB Rafael Durango 0-0: Ball
1-0: Ball
2-0: Called Strike
2-1: Ball
3-1: SINGLE (Line Drive, 34)
Ron Frazier scores
Johnny Hernández to third
Todd Henry to second
Runner from 3rd tries for Home, SAFE, no throw or cutoff
Batting: LHB Edwin Church 0-0: Called Strike
0-1: Called Strike
0-2: Ball
1-2: 3-RUN HOME RUN (Line Drive, 8RXD), Distance : 433 ft
Batting: LHB Jesús Quintanilla 0-0: Foul Ball, location: 2F
0-1: Foul Ball, location: 2F
0-2: Ground out U3 (Groundball, 3S)
Bottom of the 5th over - 6 run(s), 2 hit(s), 0 error(s), 0 left on base; Grafton 0 - Oakland 11
TOP OF THE 6TH
Grafton Middies batting - Pitching for Oakland Oaks : RHP José García
Batting: RHB Danny Hall 0-0: Swinging Strike
0-1: Swinging Strike
0-2: Strikes out swinging
Batting: LHB Ramón Rivera 0-0: Ball
1-0: Ball
2-0: Ground out 6-3 (Groundball, 6)
Batting: RHB Pedro Orozco 0-0: Ball
1-0: Foul Ball, location: 2F
1-1: Ball
2-1: Foul Ball, location: 2F
2-2: Foul Ball, location: 2F
2-2: Strikes out swinging
Top of the 6th over - 0 run(s), 0 hit(s), 0 error(s), 0 left on base; Grafton 0 - Oakland 11
BOTTOM OF THE 6TH
Oakland Oaks batting - Pitching for Grafton Middies : RHP Domingo Álvarez
Batting: LHB Todd Williams 0-0: Called Strike
0-1: Ball
1-1: Foul Ball, location: 2F
1-2: Strikes out swinging
Batting: RHB Dave Henderson 0-0: Called Strike
0-1: Ball
1-1: Called Strike
1-2: Ball
2-2: Foul Ball, location: 2F
2-2: Foul Ball, location: 2F
2-2: Ball
3-2: Base on Balls
Batting: RHB Gabriel Maldonado 0-0: Ball
1-0: Ball
2-0: Foul Ball, location: 2F
2-1: Ball
3-1: Foul Ball, location: 2F
3-2: Base on Balls
Dave Henderson to second
Batting: LHB Ron Frazier 0-0: Ball
1-0: Called Strike
1-1: Swinging Strike
1-2: Foul Ball, location: 2F
1-2: Ball
2-2: 3-RUN HOME RUN (Flyball, 9LD), Distance : 355 ft
Pitching: RHP Austin Abbott
Pinch Hitting: RHB Miguel Fernández 0-0: Ball
1-0: Called Strike
1-1: Swinging Strike
1-2: Foul Ball, location: 2F
1-2: Ball
2-2: Foul Ball, location: 2F
2-2: Foul Ball, location: 2F
2-2: Strikes out looking
Batting: LHB Todd Henry 0-0: Called Strike
0-1: SINGLE (Groundball, 3D)
Batting: RHB Rafael Durango 0-0: Ball
1-0: Ball
2-0: Called Strike
2-1: DOUBLE (Flyball, 78XD)
Todd Henry to third
Batting: LHB Edwin Church 0-0: Ball
1-0: Ball
2-0: Called Strike
2-1: Ball
3-1: Base on Balls
Batting: LHB Jesús Quintanilla 0-0: Swinging Strike
0-1: Ball
1-1: Ball
2-1: SINGLE (Line Drive, 7S)
Todd Henry scores
Rafael Durango to third
Edwin Church to second
Runner from 3rd tries for Home, SAFE, no throw or cutoff
Batting: LHB Todd Williams 0-0: Called Strike
0-1: Foul Ball, location: 2F
0-2: Strikes out looking
Bottom of the 6th over - 5 run(s), 4 hit(s), 0 error(s), 2 left on base; Grafton 0 - Oakland 16
TOP OF THE 7TH
Grafton Middies batting - Pitching for Oakland Oaks : RHP José García
Now in CF: Miguel Fernández
Batting: RHB Pedro Santos 0-0: Called Strike
0-1: Ground out 5-3 (Groundball, 56)
Batting: RHB Scotty Anderson 0-0: Called Strike
0-1: Foul Ball, location: 2F
0-2: Foul Ball, location: 2F
0-2: Ball
1-2: Ball
2-2: Ground out 4-3 (Groundball, 4)
Batting: LHB Mario Ramos 0-0: Ball
1-0: Ball
2-0: Foul Ball, location: 2F
2-1: Called Strike
2-2: Strikes out swinging
Top of the 7th over - 0 run(s), 0 hit(s), 0 error(s), 0 left on base; Grafton 0 - Oakland 16
BOTTOM OF THE 7TH
Oakland Oaks batting - Pitching for Grafton Middies : RHP Austin Abbott
Batting: RHB Dave Henderson 0-0: Fly out, F4 (Line Drive, 4)
Batting: RHB Gabriel Maldonado 0-0: Foul Ball, location: 2F
0-1: Foul Ball, location: 2F
0-2: Foul Ball, location: 2F
0-2: Ball
1-2: Ball
2-2: Ball
3-2: Base on Balls
Batting: LHB Ron Frazier 0-0: Ball
1-0: Foul Ball, location: 2F
1-1: Grounds into double play, 6-4-3 (Groundball, 6)
Bottom of the 7th over - 0 run(s), 0 hit(s), 0 error(s), 0 left on base; Grafton 0 - Oakland 16
TOP OF THE 8TH
Grafton Middies batting - Pitching for Oakland Oaks : RHP José García
Batting: RHB Wes Bradley 0-0: Ball
1-0: Called Strike
1-1: SOLO HOME RUN (Line Drive, 7D), Distance : 407 ft
Pitching: RHP Robert Anderson
Batting: RHB Nathan Boswell 0-0: Ball
1-0: Called Strike
1-1: Called Strike
1-2: Strikes out looking
Batting: RHB José Álvarez 0-0: Ball
1-0: DOUBLE (Line Drive, 3D)
Batting: RHB Danny Hall 0-0: Ball
1-0: Called Strike
1-1: Ball
2-1: Swinging Strike
2-2: Ball
3-2: Strikes out swinging
Batting: LHB Ramón Rivera 0-0: Swinging Strike
0-1: Fly out, F4 (Line Drive, 4)
Top of the 8th over - 1 run(s), 2 hit(s), 0 error(s), 1 left on base; Grafton 1 - Oakland 16
BOTTOM OF THE 8TH
Oakland Oaks batting - Pitching for Grafton Middies : RHP Austin Abbott
Batting: RHB Miguel Fernández 0-0: Called Strike
0-1: Ball
1-1: Ball
2-1: Hit by Pitch
Batting: LHB Todd Henry 0-0: Called Strike
Miguel Fernández steals 2nd base
0-1: Ball
1-1: Called Strike
1-2: Ground out 4-3 (Groundball, 34)
Miguel Fernández to third
Batting: RHB Rafael Durango 0-0: Ball
1-0: Foul Ball, location: 2F
1-1: Ball
2-1: Ball
3-1: Fly out, F7 (Flyball, 7M)
Runner from 3rd tags up, SCORES, no throw
Batting: LHB Edwin Church 0-0: Ball
1-0: Ball
2-0: Ball
3-0: Called Strike
3-1: Base on Balls
Batting: LHB Jesús Quintanilla 0-0: SINGLE (Groundball, 5D)
Edwin Church to second
Batting: LHB Todd Williams 0-0: Ball
1-0: Ball
2-0: Called Strike
2-1: Foul Ball, location: 2F
2-2: Foul Ball, location: 2F
2-2: Ball
3-2: Base on Balls
Edwin Church to third
Jesús Quintanilla to second
Batting: RHB Dave Henderson 0-0: Ball
1-0: Ball
2-0: Called Strike
2-1: Called Strike
2-2: Fly out, F9 (Flyball, 89M)
Bottom of the 8th over - 1 run(s), 1 hit(s), 0 error(s), 3 left on base; Grafton 1 - Oakland 17
TOP OF THE 9TH
Grafton Middies batting - Pitching for Oakland Oaks : RHP Robert Anderson
Batting: RHB Pedro Orozco 0-0: Swinging Strike
0-1: Ball
1-1: Foul Ball, location: 2F
1-2: SINGLE (Groundball, 34)
Batting: RHB Pedro Santos 0-0: Ball
1-0: Swinging Strike
1-1: Grounds into double play, 1-6-3 (Groundball, 13)
Batting: RHB Scotty Anderson 0-0: Foul Ball, location: 2F
0-1: Ball
1-1: Ball
2-1: Swinging Strike
2-2: Ball
3-2: Base on Balls
Batting: LHB Mario Ramos 0-0: Ball
1-0: Foul Ball, location: 2F
1-1: Ground out 1-3 (Groundball, 25)
Top of the 9th over - 0 run(s), 1 hit(s), 0 error(s), 1 left on base; Grafton 1 - Oakland 17
This league is powered by Out of the Park Baseball, the baseball management simulation game for PC, Mac and Linux
Friday, July 8th, 2016 - OOTP Baseball 16.9 Build 39